 Dungeon Crawl Stone Soup version 0.19-a0-1803-g97ff39f (webtiles) character file.

7151 Naow the Severer (level 10, -4/78 HPs)
             Began as a Minotaur Berserker on Oct 5, 2016.
             Was a High Priest of Trog.
             Slain by a killer bee (8 damage)
             ... on level 9 of the Dungeon.
             The game lasted 00:15:27 (7685 turns).

Naow the Severer (Minotaur Berserker)               Turns: 7685, Time: 00:15:27

Health: -4/78      AC:  9    Str: 22    XL:     10   Next: 86%
Magic:  9/9        EV:  7    Int:  7    God:    Trog [*****.]
Gold:   463        SH: 12    Dex: 13    Spells: 0 memorised, 9 levels left

rFire  . . .     SeeInvis .     M - +0 war axe
rCold  + . .     Gourm    .     p - +0 ring mail "Ipedeg" {rC+ Dex+3}
rNeg   . . .     Faith    .     F - +0 large shield {rPois}
rPois  +         Spirit   .     (helmet restricted)
rElec  .         Dismiss  .     D - +1 cloak
rCorr  .         Reflect  .     l - +0 pair of gloves
MR     ++...     Harm     .     J - +0 pair of boots
Stlth  +.........               y - amulet of regeneration
                                (no ring)
                                (no ring)

@: lethally poisoned (-4 -> -5), exhausted, starving, regenerating
A: retaliatory headbutt, horns 2
a: Berserk, Trog's Hand, Brothers in Arms, Burn Spellbooks, Renounce Religion


You were on level 9 of the Dungeon.
You worshipped Trog.
Trog was extremely pleased with you.
You were starving.

You visited 1 branch of the dungeon, and saw 9 of its levels.

You collected 584 gold pieces.
You spent 121 gold pieces at shops.

Inventory:

Hand Weapons
 M - a +0 war axe (weapon)
 R - a +1 battleaxe of venom
Armour
 b - a +0 animal skin
 l - a +0 pair of gloves (worn)
 p - the +0 ring mail "Ipedeg" (worn) {rC+ Dex+3}
   (You found it on level 4 of the Dungeon)

   It affects your dexterity (+3).
   It protects you from cold.
 D - a +1 cloak (worn)
 F - a +0 large shield of poison resistance (worn)
 J - a +0 pair of boots (worn)
Rods
 E - a +0 iron rod (9/9)
   (You found it on level 5 of the Dungeon)
Jewellery
 y - an amulet of regeneration (around neck)
Wands
 a - a wand of flame (25/48)
 K - a wand of random effects (28/48)
Scrolls
 d - 2 scrolls of random uselessness {unknown}
 g - 11 scrolls of identify {unknown}
 h - 7 scrolls of remove curse
 o - 4 scrolls of magic mapping {unknown}
 q - 2 scrolls of teleportation {unknown}
 t - 5 scrolls of recharging {unknown}
 u - 4 scrolls of enchant weapon {unknown}
 z - 3 scrolls of noise {unknown}
 B - 3 scrolls of enchant armour {unknown}
 C - a scroll of fear {unknown}
 I - 2 scrolls of amnesia {unknown}
 N - a scroll of silence {unknown}
Potions
 e - a potion of degeneration {unknown}
 f - a potion of might {unknown}
 i - 2 potions of mutation {unknown}
 j - 4 potions of flight {unknown}
 k - a potion of cure mutation {unknown}
 m - a potion of cancellation {unknown}
 n - 4 potions of lignification {unknown}
 r - 2 potions of haste {unknown}
 s - 2 potions of curing {unknown}
 v - a potion of berserk rage {unknown}
 x - 2 potions of heal wounds {unknown}
 P - a potion of invisibility {unknown}
Books
 w - a book of Necromancy

   Spells                             Type                      Level
   a - Pain                           Necromancy                   1
   b - Animate Skeleton               Necromancy                   1
   c - Vampiric Draining              Necromancy                   3
   d - Regeneration                   Charms/Necromancy            3
   e - Animate Dead                   Necromancy                   4
   f - Control Undead                 Necromancy                   4
   Trog disapproves of the use of such an item.
 H - a book of Necromancy

   Spells                             Type                      Level
   a - Pain                           Necromancy                   1
   b - Animate Skeleton               Necromancy                   1
   c - Vampiric Draining              Necromancy                   3
   d - Regeneration                   Charms/Necromancy            3
   e - Animate Dead                   Necromancy                   4
   f - Control Undead                 Necromancy                   4
   Trog disapproves of the use of such an item.
Comestibles
 c - 8 bread rations
 A - a chunk of flesh
 G - 2 slices of pizza
 L - 6 beef jerkies
 O - 4 fruits
 Q - a meat ration


   Skills:
 - Level 3.9 Fighting
 + Level 18.4 Axes
 - Level 2.5 Armour
 - Level 2.4 Dodging
 - Level 0.1 Stealth


You had 9 spell levels left.
You didn't know any spells.

Dungeon Overview and Level Annotations

Branches:
Dungeon (9/15)             Temple (0/1) D:6
   Lair: D:8-11         Orc: D:9-12

Altars:
Cheibriados
Dithmenos
Elyvilon
Fedhas
Makhleb
Okawaru
Qazlal
Ru
Sif Muna
Zin
The Shining One
Beogh

Shops:
D:5 *%*[=   D:6 =


Innate Abilities, Weirdness & Mutations

You reflexively headbutt those who attack you in melee.
You have a pair of horns on your head.


Message History

The killer bee poisons you!
You hear an angry buzzing noise.
You block the killer bee's attack. The killer bee stings you.
Your ogre barely misses the killer bee.
You hear an angry buzzing noise.
You block the killer bee's attack. x2
You feel sick. You block the killer bee's attack. The killer bee stings you!
* * * LOW HITPOINT WARNING * * *
Your ogre closely misses the killer bee.
The killer bee stings you!
* * * LOW HITPOINT WARNING * * *
You are more poisoned.
The killer bee poisons you! The killer bee completely misses you.
You furiously retaliate!
You headbutt the killer bee!
You hear an angry buzzing noise.
You see here a killer bee corpse.
You feel sick.
You hear an angry buzzing noise.
The killer bee stings you!
You die...

#. #.. #..#######
#.......)# #........#
#........# #........#
#......@.#
#.......y#####.##.
#......Oy†y.......
#.......†#######..
#..####..# #. #.
#........## ###.######.
#.......................
#.......................
#..##########...........


You could see a queen bee, 2 killer bees and a friendly ogre (berserk).

Vanquished Creatures
  Erica (D:8)
  The ghost of Naow the Severer, a novice MiBe of Trog (D:9)
  The ghost of Naow the Cleaver, a novice MiBe of Trog (D:7)
  A gargoyle (D:9)
  2 hippogriffs (D:8)
  A steam dragon (D:8)
  6 orc warriors
  2 ice beasts
  A black bear (D:7)
  An eye of draining (D:9)
  A phantom (D:8)
  A sky beast (D:5)
  4 centaurs
  5 ogres
  A big kobold (D:7)
  5 bullfrogs
  2 gnoll sergeants
  14 killer bees (D:9)
  5 crimson imps
  2 bullfrog zombies
  3 hounds
  5 orc priests
  A jelly (D:6)
  A centaur skeleton (D:4)
  Jessica (D:2)
  A gnoll shaman (D:9)
  2 iguanas
  Natasha (twice) (D:2)
  11 orc wizards
  9 worker ants
  A mummy (D:6)
  2 worker ant zombies
  24 gnolls
  8 adders
  A shadow imp (D:7)
  An ooze (D:6)
  An adder zombie (D:6)
  2 adder skeletons
  2 worms
  2 dart slugs (D:1)
  11 leopard geckos
  40 orcs
  2 ball pythons
  2 giant cockroaches
  12 goblins
  8 hobgoblins
  5 jackals (D:2)
  12 kobolds
  3 quokkas
  6 bats
  8 frilled lizards
  4 hobgoblin zombies (D:6)
  A jackal skeleton (D:4)
  A leopard gecko skeleton (D:9)
  A quokka zombie (D:7)
  8 rats
261 creatures vanquished.

Vanquished Creatures (collateral kills)
  3 killer bees (D:9)
3 creatures vanquished.

Grand Total: 264 creatures vanquished

Notes
Turn   | Place    | Note
-------+----------+-------------------------------------------
     0 | D:1      | Naow the Minotaur Berserker began the quest for the Orb.
     0 | D:1      | Reached XP level 1. HP: 19/19 MP: 0/0
    71 | D:1      | Reached XP level 2. HP: 19/27 MP: 1/1
   158 | D:1      | Reached skill level 4 in Axes
   464 | D:1      | Reached XP level 3. HP: 20/33 MP: 2/2
   523 | D:1      | Reached skill level 5 in Axes
   925 | D:1      | Reached ** piety under Trog
  1188 | D:2      | Found a white marble altar of Elyvilon.
  1235 | D:2      | Reached XP level 4. HP: 32/40 MP: 3/3
  1308 | D:2      | Noticed Jessica
  1315 | D:2      | Killed Jessica
  1434 | D:2      | Noticed Natasha
  1446 | D:2      | Killed Natasha
  1446 | D:2      | Reached skill level 6 in Axes
  1555 | D:2      | Noticed Natasha
  1853 | D:2      | Killed Natasha
  1853 | D:2      | Reached XP level 5. HP: 41/46 MP: 4/4
  1948 | D:3      | Reached skill level 7 in Axes
  2314 | D:3      | Found a glowing golden altar of the Shining One.
  2314 | D:3      | Found an iron altar of Okawaru.
  2700 | D:4      | Reached XP level 6. HP: 46/52 MP: 5/5
  2736 | D:4      | Got a faintly glowing ring mail
  2747 | D:4      | Identified the cursed +0 ring mail "Ipedeg" {rC+ Dex+3} (You found it on level 4 of the Dungeon)
  2757 | D:4      | Reached skill level 8 in Axes
  2764 | D:4      | Found a sacrificial altar of Ru.
  2773 | D:4      | Found a stormy altar of Qazlal.
  2994 | D:4      | Reached *** piety under Trog
  3000 | D:4      | Reached skill level 9 in Axes
  3539 | D:5      | Entered Level 5 of the Dungeon
  3542 | D:5      | Found Myoth's Food Shop.
  3610 | D:5      | Noticed a sky beast
  3622 | D:5      | Killed a sky beast
  3622 | D:5      | Reached XP level 7. HP: 33/58 MP: 6/6
  3788 | D:5      | Found Zail's Jewellery Emporium.
  3823 | D:5      | Reached skill level 10 in Axes
  3863 | D:5      | Found Ipruissot's Antique Armour Boutique.
  3871 | D:5      | Bought a runed large shield for 121 gold pieces
  3915 | D:5      | Found Zoph's Assorted Antiques.
  4250 | D:5      | Reached skill level 11 in Axes
  4276 | D:5      | Found Toppolei's General Store.
  4346 | D:6      | Found Xithrynlu's Jewellery Shoppe.
  4365 | D:6      | Reached XP level 8. HP: 28/66 MP: 7/7
  4511 | D:6      | Reached skill level 12 in Axes
  4674 | D:6      | Reached **** piety under Trog
  4847 | D:6      | Reached skill level 13 in Axes
  5041 | D:6      | Found a staircase to the Ecumenical Temple.
  5348 | D:7      | Noticed Naow's ghost (novice MiBe)
  5355 | D:7      | Killed Naow's ghost
  5355 | D:7      | Reached skill level 14 in Axes
  5355 | D:7      | Reached XP level 9. HP: 71/71 MP: 8/8
  5698 | D:7      | Found a burning altar of Makhleb.
  6138 | D:7      | Reached skill level 15 in Axes
  6312 | D:7      | Found a shadowy altar of Dithmenos.
  6372 | D:7      | Found a deep blue altar of Sif Muna.
  6578 | D:8      | Found a glowing silver altar of Zin.
  6613 | D:8      | Found a roughly hewn altar of Beogh.
  6641 | D:8      | Reached ***** piety under Trog
  6698 | D:8      | Reached skill level 16 in Axes
  6747 | D:8      | Found a snail-covered altar of Cheibriados.
  6826 | D:8      | Found a blossoming altar of Fedhas.
  6839 | D:8      | Reached XP level 10. HP: 73/78 MP: 9/9
  6976 | D:8      | Noticed Erica
  6987 | D:8      | Killed Erica
  6989 | D:8      | Reached skill level 17 in Axes
  7157 | D:9      | Noticed Naow's ghost (novice MiBe)
  7169 | D:9      | Killed Naow's ghost
  7276 | D:9      | Noticed a gargoyle
  7283 | D:9      | Killed a gargoyle
  7577 | D:9      | Reached skill level 18 in Axes
  7640 | D:9      | Received a gift from Trog
  7685 | D:9      | Slain by a killer bee

Vault maps used:
D:1:      erik_arrival_cave_to_civilisation
D:2:      old_standard_altar, first_bread, uniq_natasha, uniq_jessica
D:3:      gammafunk_temple_overflow_elements
D:4:      lemuel_crystal_altar, nicolae_ru_awakened_eye
D:5:      serial_shops, shop, shop, shop, shop, shop, hangedman_decor_riveting,
          hangedman_decor_points, minmay_misc_feat_more_columns,
          nrook_loot_triangle
D:6:      serial_shops, shop, lightli_sewer_entry_pipes, minmay_mini_ossuary
D:7:      marbit_many_paths, lemuel_doored_altar, lemuel_blue_sif_altar,
          grunt_ogre_cave
D:8:      cheibriados_altar_1, fedhas_altar_1, lemuel_crystal_altar,
          special_room, uniq_erica
D:9:      special_room, unseen_surprise_small

Skill      XL: |  1  2  3  4  5  6  7  8  9 10 |
---------------+-------------------------------+-----
Axes           | 4 5 6 7 9 11 14 16 18 | 18.4
Fighting       | |  3.9
Armour         | |  2.5
Dodging        | |  2.4
Stealth        | |  0.1

Action                   |  1- 3 |  4- 6 |  7- 9 | 10-12 || total
-------------------------+-------+-------+-------+-------++-------
Melee: Hand axe          |    71 |   149 |   336 |       ||   556
       Headbutt          |    11 |    31 |    86 |    34 ||   162
       War axe           |       |       |    32 |   207 ||   239
Invok: Berserk           |       |     3 |     6 |     3 ||    12
       Trog's Hand       |       |     1 |     2 |     3 ||     6
       Brothers in Arms  |       |       |       |     1 ||     1
  Use: Scroll            |       |       |     1 |       ||     1
 Stab: Sleeping          |     3 |       |       |       ||     3
  Eat: Chunk             |     1 |     5 |    19 |     5 ||    30
       Meat ration       |       |     1 |       |       ||     1
Armor: Animal skin       |    16 |    10 |       |       ||    26
       Ring mail         |       |     8 |    89 |    75 ||   172
Dodge: Dodged            |    49 |    71 |    73 |    47 ||   240
Block: Large shield      |       |       |   191 |   142 ||   333
